[Event "Titled Tuesday Blitz May 16 Early 2023"]
[White "Balint, Vilmos"]
[Black "Hua, Lefong"]
[WhiteFideId "718050"]
[BlackFideId "2602253"]
[WhiteElo "2034"]
[BlackElo "2655"]
[Result "0-1"]
[Round "07"]
[TimeControl "180+2"]
[Date "2023.05.16"]
[WhiteClock "0:00:13"]
[BlackClock "0:00:10"]

1. d4 Nf6 2. Bf4 g6 3. Nf3 Bg7 4. e3 O-O 5. h3 d6 6. Bh2 c5 7. Be2 b6 8. O-O Bb7 9. c3 Nbd7 10. Nbd2 a6 11. a4 Qc7 12. Qb3 Bc6 13. Rfd1 Qb7 14. Ne1 b5 15. Bf3 Rab8 16. axb5 axb5 17. dxc5 Nxc5 18. Qc2 Bxf3 19. Nexf3 Rfc8 20. Nd4 b4 21. c4 b3 22. Qb1 Nfe4 23. Ra3 Nxd2 24. Rxd2 Qb4 25. Qd1 Qxc4 26. Ra7 Ne4 27. Rd3 Qxd3 28. Qxd3 Rc1+ 29. Qf1 Rxf1+ 30. Kxf1 Nd2+ 31. Ke2 Nc4 32. Nc6 Re8 33. Nxe7+ Kf8 34. Nd5 Bxb2 35. Rc7 Na3 36. Bxd6+ Kg7 37. Rb7 Rd8 38. Bxa3 Bxa3 39. Rxb3 Rxd5 40. Rxa3 Rb5 41. Ra2 h5 42. Rd2 h4 43. Rd4 g5 44. Kf3 Kg6 45. Rd6+ f6 46. Rd8 Rb2 47. Rg8+ Kf7 48. Rc8 Kg7 49. Rc7+ Kg6 50. Rc4 Ra2 51. Rd4 Rb2 52. e4 Rb3+ 53. Ke2 Ra3 54. Rd3 Ra2+ 55. Rd2 Ra3 56. f3 Ra1 57. Kf2 Rb1 58. Rd6 Rb2+ 59. Ke3 Rxg2 60. e5 Rg3 61. Rxf6+ Kg7 62. Rf5 Kg6 63. Rf6+ Kg7 64. Ke4 Rxh3 65. Kf5 Rg3 66. Rg6+ Kf7 67. Rh6 h3 68. e6+ Ke7 69. Rh7+ Ke8 70. f4 gxf4 71. Kf6 Rg8 72. Rxh3 Rf8+ 73. Ke5 f3 74. Rh1 f2 75. Rf1 Ke7 76. Ke4 Kxe6 77. Ke3 Ke5 78. Rxf2 Ra8 79. Re2 Ra3+ 80. Kf2+ Kf4 81. Rc2 Ra4 82. Ke2 Ke4 83. Kd2 Kd4 84. Rb2 Ra3 85. Kc2 Kc4 86. Kd2 Rh3 87. Ke2 Rh2+ 0-1


[Site "https://www.chess.com"]

[Event "Titled Tuesday Blitz May 16 Early 2023"]
[White "Souleidis, Georgios"]
[Black "Nastase, Robert-Paul"]
[WhiteFideId "4206827"]
[BlackFideId "1221175"]
[WhiteElo "2401"]
[BlackElo "2175"]
[Result "1-0"]
[Round "07"]
[TimeControl "180+2"]
[Date "2023.05.16"]
[WhiteClock "0:00:56"]
[BlackClock "0:00:06"]

1. e4 c5 2. Be2 d5 3. d3 Nc6 4. f4 Nf6 5. e5 Nd7 6. Nf3 e6 7. O-O f5 8. c3 Be7 9. d4 O-O 10. Be3 h6 11. c4 cxd4 12. Nxd4 Nxd4 13. Bxd4 Nb6 14. cxd5 Nxd5 15. Nc3 b6 16. Nxd5 exd5 17. Rc1 Be6 18. Qa4 Qe8 19. Qxe8 Rfxe8 20. Rc6 Kf7 21. Bh5+ g6 22. Bxg6+ Kxg6 23. Rxe6+ Kg7 24. Rc6 Rac8 25. Rfc1 Bc5 26. Bxc5 Rxc6 27. Bf8+ Kxf8 28. Rxc6 Rd8 29. Kf2 d4 30. Ke2 d3+ 31. Kd2 Rd4 32. g3 Kg7 33. Rc3 1-0


[Site "https://www.chess.com"]

[Event "Titled Tuesday Blitz May 16 Early 2023"]
[White "Jakubowski, Krzysztof"]
[Black "Buchenau, Frank"]
[WhiteFideId "1112848"]
[BlackFideId "4604350"]
[WhiteElo "2359"]
[BlackElo "2157"]
[Result "1-0"]
[Round "07"]
[TimeControl "180+2"]
[Date "2023.05.16"]
[WhiteClock "0:01:17"]
[BlackClock "0:00:00"]

1. e4 e6 2. d4 d5 3. Nc3 Nf6 4. e5 Nfd7 5. Nce2 c5 6. c3 Nc6 7. f4 Be7 8. Nf3 b5 9. a3 Rb8 10. h4 f5 11. h5 a5 12. Be3 c4 13. Rg1 O-O 14. g4 b4 15. axb4 axb4 16. gxf5 exf5 17. Bh3 Nb6 18. Qc2 Bd7 19. Rg2 Ra8 20. Rb1 Ra2 21. Nc1 Ra7 22. Qf2 Na4 23. Qg1 Rf7 24. Ne2 Rb7 25. Bd2 bxc3 26. Bxc3 Nb4 27. Ng5 Nd3+ 28. Kd2 Bxg5 29. Rxg5 Naxb2 30. h6 g6 31. Rxg6+ hxg6 32. Qxg6+ Kf8 33. h7 Rxh7 34. Qxh7 Qe7 35. Qh8+ Kf7 36. Rg1 1-0


[Site "https://www.chess.com"]

[Event "Titled Tuesday Blitz May 16 Early 2023"]
[White "Bartel, Michal"]
[Black "Dishman, Stephen"]
[WhiteFideId "1119257"]
[BlackFideId "403024"]
[WhiteElo "2282"]
[BlackElo "2204"]
[Result "1-0"]
[Round "07"]
[TimeControl "180+2"]
[Date "2023.05.16"]
[WhiteClock "0:01:24"]
[BlackClock "0:00:09"]

1. e4 d6 2. g3 g6 3. Bg2 Bg7 4. Ne2 Nf6 5. O-O O-O 6. d4 Nc6 7. h3 e5 8. Be3 Re8 9. d5 Ne7 10. c4 h6 11. Nbc3 Nd7 12. b4 a5 13. a3 b6 14. Qd2 Kh7 15. Nb5 axb4 16. axb4 Ba6 17. Nec3 f5 18. f3 f4 19. gxf4 exf4 20. Bxf4 Bxb5 21. Rxa8 Qxa8 22. Nxb5 Rc8 23. Nd4 Ne5 24. Ne6 Nxc4 25. Qc1 Qa2 26. Nxg7 Kxg7 27. Bxh6+ Kh7 28. Bg5 Ng8 29. Qe1 Kg7 30. f4 Re8 31. Qc3+ Kh7 32. Rf2 Qb1+ 33. Rf1 Qa2 34. f5 b5 35. fxg6+ Kxg6 36. Qg3 Qb2 37. Bf6+ 1-0


[Site "https://www.chess.com"]

[Event "Titled Tuesday Blitz May 16 Early 2023"]
[White "Mortazavi, Ali"]
[Black "Fajdetic, Hrvoje"]
[WhiteFideId "401323"]
[BlackFideId "14501945"]
[WhiteElo "2339"]
[BlackElo "2185"]
[Result "1-0"]
[Round "07"]
[TimeControl "180+2"]
[Date "2023.05.16"]
[WhiteClock "0:00:11"]
[BlackClock "0:00:10"]

1. Nf3 f5 2. d3 d6 3. d4 e6 4. Nc3 Nf6 5. Bg5 d5 6. e3 c6 7. Bd3 Bd6 8. Ne5 O-O 9. f4 Nbd7 10. g4 h6 11. h4 Qb6 12. gxf5 exf5 13. Qd2 Qxb2 14. Rb1 Qa3 15. Rb3 Qa5 16. Bxh6 Bxe5 17. fxe5 Ng4 18. Bf4 Nb6 19. Rg1 Nc4 20. Qe2 b5 21. Kf1 Ba6 22. Kg2 b4 23. Nd1 Qxa2 24. Kh3 Bc8 25. Bxc4 dxc4 26. Qxc4+ Kh7 27. Qxc6 Ba6 28. h5 Be2 29. Qg6+ Kh8 30. h6 gxh6 31. Bxh6 Qxc2 32. Qg7# 1-0


[Site "https://www.chess.com"]

[Event "Titled Tuesday Blitz May 16 Early 2023"]
[White "Korpics, Zsolt"]
[Black "Hajiyev, Kanan"]
[WhiteFideId "705241"]
[BlackFideId "13404148"]
[WhiteElo "2336"]
[BlackElo "2103"]
[Result "1-0"]
[Round "07"]
[TimeControl "180+2"]
[Date "2023.05.16"]
[WhiteClock "0:00:05"]
[BlackClock "0:00:02"]

1. e4 e5 2. Nf3 Nc6 3. d4 exd4 4. Bb5 Bc5 5. O-O d6 6. Nxd4 Bd7 7. Nxc6 bxc6 8. Bc4 Nf6 9. Nc3 O-O 10. h3 h6 11. Kh1 Re8 12. Bd3 Bb4 13. Qf3 Qe7 14. Re1 Qe5 15. Bf4 Qh5 16. Qg3 Rab8 17. a3 Bc5 18. Rab1 Bd4 19. Nd1 Qg6 20. Qxg6 fxg6 21. c3 Be5 22. Be3 g5 23. b4 c5 24. bxc5 Rxb1 25. Bxb1 dxc5 26. Bxc5 a5 27. Bd4 Bc6 28. f3 Nd7 29. Nb2 Nb6 30. Nd3 Bd6 31. e5 Bxa3 32. Bc2 a4 33. Ra1 Bb2 34. Nxb2 Nd5 35. Bxa4 Ra8 36. Ra2 Kf8 37. Bb3 Rb8 38. Bc4 Nf4 39. Bc5+ Ke8 40. g3 Bxf3+ 41. Kh2 Nd5 42. Nd3 Nxc3 43. Rf2 Bd5 44. Rf8+ Kd7 45. Rxb8 Bxc4 46. Nb4 Ne4 47. Rg8 Nxc5 48. Rxg7+ Ke6 49. Rxc7 Kxe5 50. Rxc5+ Kd4 51. Rc8 Be2 52. Nc6+ Kd5 53. Ne7+ Ke6 54. Nc6 Kd7 55. Na7 Ba6 56. Rc2 Ke6 57. Rc1 Kf5 58. Kg1 h5 59. Kf2 h4 60. gxh4 gxh4 61. Nc6 Kf6 62. Nd4 Bd3 63. Nf3 Be4 64. Ke3 Bf5 65. Kf4 Bxh3 66. Nxh4 Be6 67. Nf3 Ke7 68. Rc3 Kd6 69. Rd3+ Bd5 70. Ne5 Kc5 71. Rd1 Bb7 72. Rc1+ Kd4 73. Nf3+ Kd3 74. Rd1+ Ke2 75. Rd2+ Kf1 76. Ke3 Ba6 77. Rf2# 1-0


[Site "https://www.chess.com"]

[Event "Titled Tuesday Blitz May 16 Early 2023"]
[White "Ginzburg, Yakov"]
[Black "Onslow, Alfie"]
[WhiteFideId "4157176"]
[BlackFideId "436976"]
[WhiteElo "2305"]
[BlackElo "2114"]
[Result "1-0"]
[Round "07"]
[TimeControl "180+2"]
[Date "2023.05.16"]
[WhiteClock "0:01:04"]
[BlackClock "0:00:06"]

1. d4 Nf6 2. c4 c5 3. d5 b5 4. cxb5 a6 5. b6 g6 6. Nc3 d6 7. e4 Bg7 8. Nf3 O-O 9. Be2 Nbd7 10. a4 a5 11. O-O Ba6 12. Bb5 Qxb6 13. Re1 Bxb5 14. Nxb5 Ne8 15. Nd2 Nc7 16. Nc4 Qb7 17. Nxc7 Qxc7 18. Bd2 Rfb8 19. Rb1 Ne5 20. Nxe5 Bxe5 21. Bc3 Bxc3 22. bxc3 Rxb1 23. Qxb1 Rb8 24. Qc1 Rb3 25. h4 Qd7 26. Qg5 h5 27. e5 dxe5 28. Rxe5 Qg4 29. Rxe7 Rb1+ 30. Kh2 Qxg5 31. hxg5 Rc1 32. d6 Kf8 33. Re5 Rxc3 34. d7 Rd3 35. Re8+ Kg7 36. d8=Q Rxd8 1-0


[Site "https://www.chess.com"]

[Event "Titled Tuesday Blitz May 16 Early 2023"]
[White "Seinw1"]
[Black "Mike24147"]
[WhiteElo "2543"]
[BlackElo "2333"]
[Result "1-0"]
[Round "07"]
[TimeControl "180+2"]
[Date "2023.05.16"]
[WhiteClock "0:00:56"]
[BlackClock "0:00:57"]

1. e4 c5 2. Nf3 e6 3. d3 Nc6 4. g3 g6 5. Bg2 Bg7 6. O-O Nge7 7. c3 O-O 8. Be3 d6 9. Na3 Rb8 10. d4 Qa5 11. Nc4 Qa6 12. Nxd6 Nxd4 13. cxd4 Qxd6 14. Bf4 e5 15. Nxe5 Qxd4 16. Qxd4 cxd4 17. Nxg6 Nxg6 18. Bxb8 d3 19. Bxa7 Bxb2 20. Rab1 Bc3 21. Rfd1 Be6 22. Rxd3 Bxa2 23. Rxb7 Bf6 24. f4 Ra8 25. e5 Be7 26. Rxe7 1-0


[Site "https://www.chess.com"]

[Event "Titled Tuesday Blitz May 16 Early 2023"]
[White "Maung, Maung Kyaw Zaw Hein"]
[Black "Arat, Ufuk Sezen"]
[WhiteFideId "13001698"]
[BlackFideId "6309089"]
[WhiteElo "2019"]
[BlackElo "2289"]
[Result "0-1"]
[Round "07"]
[TimeControl "180+2"]
[Date "2023.05.16"]
[WhiteClock "0:01:39"]
[BlackClock "0:02:05"]

1. Nf3 Nf6 2. c4 d5 3. cxd5 g6 4. Nc3 Nxd5 5. e4 Nxc3 6. bxc3 Bg7 7. d4 c5 8. Bc4 O-O 9. O-O Nc6 10. Be3 Bg4 11. e5 Rc8 12. e6 f5 13. d5 Bxf3 14. Qxf3 Ne5 15. Qe2 f4 16. Bd2 f3 17. gxf3 Nxf3+ 18. Kh1 Qd6 19. Qxf3 Rxf3 20. Kg2 Rf4 21. Bxf4 Qxf4 22. Be2 Be5 23. Rh1 Rf8 24. Raf1 Qg5+ 25. Kh3 Rf4 0-1


[Site "https://www.chess.com"]

[Event "Titled Tuesday Blitz May 16 Early 2023"]
[White "Kuznetsov, Mikhail"]
[Black "Marcziter, Dmitrii"]
[WhiteFideId "4117190"]
[BlackFideId "13900765"]
[WhiteElo "1981"]
[BlackElo "2162"]
[Result "1/2-1/2"]
[Round "07"]
[TimeControl "180+2"]
[Date "2023.05.16"]
[WhiteClock "0:00:02"]
[BlackClock "0:00:23"]

1. Nf3 Nf6 2. g3 g6 3. b3 Bg7 4. Bb2 O-O 5. Bg2 d6 6. d4 e5 7. dxe5 Nfd7 8. O-O Nxe5 9. Nxe5 dxe5 10. c4 c6 11. Nc3 Na6 12. Ne4 Qe7 13. Qd6 Re8 14. Ba3 Qe6 15. Rfd1 h6 16. Qxe6 Bxe6 17. Nd6 Reb8 18. Rd2 e4 19. Rad1 f5 20. f3 Bc3 21. Rc2 Bb4 22. Bxb4 Nxb4 23. Rb2 exf3 24. exf3 a5 25. Re2 Bf7 26. Re7 Rd8 27. c5 Nxa2 28. Rde1 Bxb3 29. Rxb7 Rab8 30. Ra7 Ra8 31. Rc7 a4 32. Ree7 a3 33. Rg7+ Kh8 34. Rh7+ Kg8 35. Rcg7+ Kf8 36. Rxg6 Nc3 37. Rh8+ Ke7 38. Rh7+ Kf8 39. Rf6+ Kg8 40. Rfxh6 a2 41. Rh8+ Kg7 42. Nxf5+ Kf7 43. R8h7+ Kf8 44. Rh8+ Kf7 45. R8h7+ Kf8 46. Rh8+ Kf7 1/2-1/2


[Site "https://www.chess.com"]

[Event "Titled Tuesday Blitz May 16 Early 2023"]
[White "Ezat, Mohamed"]
[Black "Manon-og, Ramon Jr."]
[WhiteFideId "10600906"]
[BlackFideId "5200776"]
[WhiteElo "2386"]
[BlackElo "2313"]
[Result "0-1"]
[Round "07"]
[TimeControl "180+2"]
[Date "2023.05.16"]
[WhiteClock "0:00:00"]
[BlackClock "0:00:44"]

1. e4 c5 2. d4 d6 3. Nf3 cxd4 4. c3 dxc3 5. Nxc3 Nc6 6. Bc4 e6 7. O-O Be7 8. Qe2 Nf6 9. Rd1 Qa5 10. a3 O-O 11. Bf4 Rd8 12. b4 Qh5 13. h3 h6 14. Rd2 b6 15. Rad1 Ne8 16. Kh2 Bb7 17. g4 Qg6 18. Bd3 e5 19. Bg3 Nc7 20. Nd5 Rd7 21. Rc1 Ne6 22. Bb5 Rc8 23. Rdc2 Ned8 24. Bxc6 Rxc6 25. Rxc6 Bxc6 26. Nxe7+ Rxe7 27. Nh4 Qxe4 28. Qxe4 Bxe4 29. Rc8 Re8 30. f3 Bd5 31. Nf5 Be6 32. Nxd6 Bxc8 33. Nxe8 f6 34. Nd6 Be6 35. Nb5 a6 36. Nc3 Nc6 37. f4 Bc4 38. fxe5 fxe5 39. Ne4 Bd3 40. Nd6 e4 41. Bf4 Nd4 42. Kg3 Ne2+ 43. Kf2 Nxf4 44. Ke3 Nxh3 45. Nc8 g6 46. Nxb6 h5 47. gxh5 gxh5 48. Nd7 Ng5 49. Nf6+ Kf7 50. Nxh5 Ke6 51. Kd4 Kf5 52. Ng7+ Kf4 53. a4 Bf1 54. Nh5+ Kf3 55. Ng7 e3 56. Nf5 e2 57. Nh4+ Kf2 58. Nf5 e1=Q 59. b5 Qb4+ 60. Ke5 Qe4+ 61. Kf6 Bd3 0-1


[Site "https://www.chess.com"]

[Event "Titled Tuesday Blitz May 16 Early 2023"]
[White "Rose, Felix"]
[Black "Petrovic, Aleksa"]
[WhiteFideId "5105722"]
[BlackFideId "967629"]
[WhiteElo "2039"]
[BlackElo "2309"]
[Result "1-0"]
[Round "07"]
[TimeControl "180+2"]
[Date "2023.05.16"]
[WhiteClock "0:00:37"]
[BlackClock "0:00:07"]

1. e4 e6 2. d4 d5 3. Nc3 h6 4. Nf3 Nf6 5. Bd3 Nc6 6. a3 Be7 7. O-O a6 8. Re1 O-O 9. h3 b6 10. Bf4 Bb7 11. Bh2 Re8 12. e5 Nd7 13. Ne2 Na7 14. c3 c5 15. Rc1 Rc8 16. Bb1 cxd4 17. cxd4 Rxc1 18. Qxc1 Qc8 19. Qf4 Nf8 20. Qg4 Kh8 21. Bf4 Nc6 22. Ng3 Nh7 23. Qh5 f5 24. exf6 Bxf6 25. Bxh6 gxh6 26. Qxh6 Qd7 27. Bxh7 Qxh7 28. Qxf6+ Qg7 29. Rxe6 Qxf6 30. Rxf6 Kg7 31. Nh5+ Kh7 32. Rf7+ Kg6 33. Rxb7 Kxh5 34. Rxb6 Na5 35. Rxa6 Nc4 36. g4# 1-0


[Site "https://www.chess.com"]

[Event "Titled Tuesday Blitz May 16 Early 2023"]
[White "Pinto, Daniel"]
[Black "Rosh Jain"]
[WhiteFideId "3303144"]
[BlackFideId "25789465"]
[WhiteElo "2145"]
[BlackElo "2233"]
[Result "0-1"]
[Round "07"]
[TimeControl "180+2"]
[Date "2023.05.16"]
[WhiteClock "0:00:00"]
[BlackClock "0:01:06"]

1. e4 c5 2. Nf3 d6 3. c3 Nf6 4. Be2 Nc6 5. d4 cxd4 6. cxd4 d5 7. e5 Ne4 8. O-O e6 9. Ne1 Be7 10. f3 Nc5 11. dxc5 Bxc5+ 12. Kh1 Nxe5 13. Nd3 Nxd3 14. Bxd3 O-O 15. Qc2 Bd6 16. Bxh7+ Kh8 17. Bd3 Qh4 18. f4 e5 19. Qf2 Qxf2 20. Rxf2 e4 21. Bc2 Bc5 22. Rf1 Bg4 23. Nc3 e3 24. Bd3 d4 25. Ne2 Rad8 26. Rd1 Rd6 27. a3 Rfd8 28. b4 Bb6 29. Bb2 Bxe2 30. Bxe2 d3 31. Be5 Rd5 32. Bf3 e2 33. Bxd5 Rxd5 34. g3 exd1=Q+ 35. Rxd1 f6 36. Bc3 Kg8 37. Kg2 Kf7 38. Kf3 f5 39. h3 g6 40. g4 a6 41. Be5 Ba7 42. Rd2 b5 43. Rd1 Rd7 44. h4 fxg4+ 45. Kxg4 d2 46. Bc3 Be3 0-1


[Site "https://www.chess.com"]

[Event "Titled Tuesday Blitz May 16 Early 2023"]
[White "Rodriguez Santiago, Jaime"]
[Black "Dobre, Claudiu-Cristian"]
[WhiteFideId "3100898"]
[BlackFideId "1211854"]
[WhiteElo "2025"]
[BlackElo "2207"]
[Result "0-1"]
[Round "07"]
[TimeControl "180+2"]
[Date "2023.05.16"]
[WhiteClock "0:00:14"]
[BlackClock "0:00:13"]

1. c4 Nf6 2. Nc3 c6 3. d4 d5 4. cxd5 cxd5 5. Bf4 Nc6 6. e3 Bf5 7. Qb3 Na5 8. Qa4+ Bd7 9. Qc2 Rc8 10. Bd3 e6 11. h3 Bb4 12. Ne2 O-O 13. O-O b5 14. a3 Be7 15. Rac1 h6 16. Qd1 Nc4 17. Bxc4 bxc4 18. Ra1 Qb6 19. Qc2 a5 20. Rfb1 Qa6 21. a4 Bb4 22. Na2 Bc6 23. b3 Bd7 24. Nxb4 axb4 25. bxc4 Rxc4 26. Qd3 Bxa4 27. Rxb4 Bc2 28. Rxa6 Bxd3 29. Ng3 Rxb4 30. Kh2 Bxa6 31. Be5 Ne4 32. Nxe4 dxe4 33. Bd6 Rb2 34. Bxf8 Kxf8 35. Kg3 Bc4 0-1


[Site "https://www.chess.com"]

[Event "Titled Tuesday Blitz May 16 Early 2023"]
[White "mjelcic"]
[Black "Womacka, Mathias"]
[BlackFideId "4611390"]
[WhiteElo "2252"]
[BlackElo "2377"]
[Result "0-1"]
[Round "07"]
[TimeControl "180+2"]
[Date "2023.05.16"]
[WhiteClock "0:01:13"]
[BlackClock "0:01:16"]

1. c4 c5 2. Nc3 Nf6 3. g3 d5 4. Bg2 d4 5. Nb1 e5 6. d3 Be7 7. Nf3 Nc6 8. O-O O-O 9. b4 cxb4 10. a3 Re8 11. axb4 Bxb4 12. Ba3 Bxa3 13. Rxa3 e4 14. dxe4 Nxe4 15. Nbd2 Nc3 16. Qc2 Rxe2 17. Rfa1 Bg4 18. h3 Bxf3 19. Bxf3 Re8 20. Ne4 Nb4 21. Qa4 Nxa4 0-1


[Site "https://www.chess.com"]

[Event "Titled Tuesday Blitz May 16 Early 2023"]
[White "Turzo, Attila"]
[Black "Afanasieva, Alexandra"]
[WhiteFideId "704954"]
[BlackFideId "34126926"]
[WhiteElo "2457"]
[BlackElo "1745"]
[Result "1-0"]
[Round "07"]
[TimeControl "180+2"]
[Date "2023.05.16"]
[WhiteClock "0:00:49"]
[BlackClock "0:00:22"]

1. d4 Nf6 2. c4 e6 3. g3 d5 4. Bg2 b6 5. Nf3 Bb7 6. O-O c5 7. cxd5 Nxd5 8. dxc5 Bxc5 9. a3 O-O 10. b4 Be7 11. Bb2 Bf6 12. Qb3 Bxb2 13. Qxb2 Qf6 14. Qxf6 Nxf6 15. Nc3 Rd8 16. Rac1 Nbd7 17. Nd4 Bxg2 18. Kxg2 Rac8 19. Ncb5 a6 20. Na7 Rxc1 21. Rxc1 Ne5 22. Ndc6 Nxc6 23. Rxc6 g6 24. Rxb6 Rd2 25. Kf3 Nd5 26. Rxa6 Ra2 27. Nc6 Nc3 28. a4 Nxe2 29. b5 Nc3 30. b6 Rb2 31. a5 Nd5 32. Ra8+ Kg7 33. Rb8 Rb3+ 34. Kg2 Kf6 35. a6 Rxb6 36. a7 Rxc6 37. a8=Q Rc2 38. Qa7 Rc7 39. Qd4+ Ke7 40. Ra8 Rc2 41. Ra7+ Kd6 42. Rxf7 e5 43. Qa7 Ke6 44. Qd7# 1-0


[Site "https://www.chess.com"]

[Event "Titled Tuesday Blitz May 16 Early 2023"]
[White "Clawitter, Craig"]
[Black "UNSTOPPABLE_LEGEND"]
[WhiteFideId "2023105"]
[WhiteElo "2275"]
[BlackElo "2448"]
[Result "0-1"]
[Round "07"]
[TimeControl "180+2"]
[Date "2023.05.16"]
[WhiteClock "0:00:00"]
[BlackClock "0:00:12"]

1. e4 c6 2. d4 d5 3. e5 Bf5 4. Nf3 e6 5. Be2 Nd7 6. O-O Ne7 7. Nbd2 c5 8. dxc5 Nc6 9. c4 Nxc5 10. Nb3 dxc4 11. Nxc5 Bxc5 12. Qa4 Bd3 13. Bg5 Qb6 14. Bxd3 cxd3 15. Rac1 O-O 16. Qg4 Kh8 17. Qh5 Ne7 18. Bf6 gxf6 19. exf6 Nd5 20. Qh6 Rg8 21. Ng5 Rxg5 22. Qxg5 Rg8 23. Qe5 Bd6 24. Qe4 Nf4 25. g3 Ne2+ 26. Kg2 Nxc1 27. Rxc1 d2 28. Rd1 Qxb2 29. Qe2 Bb4 0-1


[Site "https://www.chess.com"]

[Event "Titled Tuesday Blitz May 16 Early 2023"]
[White "Ankudinova, Yelena"]
[Black "Shubenkova, Veronika"]
[WhiteFideId "13702114"]
[BlackFideId "44124040"]
[WhiteElo "1937"]
[BlackElo "2060"]
[Result "0-1"]
[Round "07"]
[TimeControl "180+2"]
[Date "2023.05.16"]
[WhiteClock "0:00:05"]
[BlackClock "0:00:11"]

1. Nf3 Nf6 2. d4 d5 3. c4 e6 4. cxd5 exd5 5. Nc3 c6 6. Bg5 Be7 7. Qc2 O-O 8. e3 Nbd7 9. Bd3 Re8 10. O-O h6 11. Bh4 Ne4 12. Bxe7 Qxe7 13. Bxe4 dxe4 14. Nd2 Nf6 15. a3 Bg4 16. Rae1 Rad8 17. b4 a6 18. Na4 Nd5 19. Nc5 f5 20. Nc4 Bh5 21. Ne5 Qg5 22. Kh1 Re7 23. Qb3 Bf7 24. Qc2 h5 25. Qe2 h4 26. f3 exf3 27. gxf3 f4 28. Rg1 Qh6 29. e4 Ne3 30. Nxf7 Rxf7 31. Qa2 Rxd4 32. Ne6 Rc4 33. Ng5 b5 34. Nxf7 Kxf7 35. Qd2 Qe6 36. Qd8 Rxe4 37. Qc7+ Qe7 38. Qxc6 Re6 39. Qc3 Rf6 40. Qb3+ Kf8 41. Qd3 Kg8 42. Rc1 Qb7 43. Qd8+ Rf8 44. Qd2 Qxf3+ 45. Rg2 h3 46. Qf2 hxg2+ 47. Kg1 Qxf2+ 48. Kxf2 Rd8 49. Re1 Rd2+ 50. Kf3 Ra2 51. Kxf4 Nf1 52. Re8+ Kf7 53. Rc8 g1=Q 54. Rc7+ Kg8 55. Rc8+ Kh7 0-1


[Site "https://www.chess.com"]

[Event "Titled Tuesday Blitz May 16 Early 2023"]
[White "Mazurkiewicz, Michal"]
[Black "Chakravarthi Reddy, M"]
[WhiteFideId "1124943"]
[BlackFideId "25009532"]
[WhiteElo "2054"]
[BlackElo "2201"]
[Result "1/2-1/2"]
[Round "07"]
[TimeControl "180+2"]
[Date "2023.05.16"]
[WhiteClock "0:00:09"]
[BlackClock "0:00:16"]

1. e4 e5 2. Nf3 Nc6 3. Bb5 a6 4. Bxc6 dxc6 5. O-O Qf6 6. d4 exd4 7. Bg5 Qg6 8. Qxd4 Bg4 9. Qe5+ Qe6 10. Qxe6+ Bxe6 11. Nd4 Bd7 12. Nc3 f6 13. Bf4 O-O-O 14. Rad1 h5 15. h3 g5 16. Bh2 h4 17. f3 Bc5 18. Kh1 Ne7 19. Rd3 Ng6 20. Rfd1 Ne5 21. Bxe5 fxe5 22. Nf5 Bxf5 23. Rxd8+ Rxd8 24. Rxd8+ Kxd8 25. exf5 Bd4 26. Ne4 Ke7 27. c3 Be3 28. g3 hxg3 29. Kg2 Bf4 30. Nc5 b6 31. Nxa6 Kf6 32. Nb4 c5 33. Nd5+ Kxf5 34. b4 e4 35. fxe4+ Kxe4 36. Nf6+ Kd3 37. bxc5 Kxc3 38. cxb6 cxb6 39. Nd5+ Kb2 40. Nxb6 Kxa2 41. Nd5 Kb2 42. Nxf4 gxf4 43. h4 Kc3 44. h5 Kd3 45. h6 Ke2 46. h7 f3+ 47. Kxg3 f2 48. h8=Q f1=Q 49. Qb2+ Ke1 50. Qc1+ Ke2 51. Qc2+ Ke1 52. Qc3+ Ke2 53. Qc4+ Ke1 54. Qe4+ Qe2 55. Qb4+ Qd2 56. Qb1+ Qd1 57. Qe4+ Qe2 58. Qb4+ Kd1 59. Qb1+ Kd2 60. Qb2+ Kd3 61. Qb5+ Kd2 62. Qd5+ Qd3+ 63. Qxd3+ Kxd3 1/2-1/2


[Site "https://www.chess.com"]

[Event "Titled Tuesday Blitz May 16 Early 2023"]
[White "Sai Han Thiha"]
[Black "agvania123"]
[WhiteFideId "13012290"]
[WhiteElo "1954"]
[BlackElo "2246"]
[Result "1-0"]
[Round "07"]
[TimeControl "180+2"]
[Date "2023.05.16"]
[WhiteClock "0:01:18"]
[BlackClock "0:00:34"]

1. d4 d5 2. Nf3 e6 3. c3 Nf6 4. Bf4 Bd6 5. e3 O-O 6. Nbd2 c5 7. Bg3 Qc7 8. Bd3 Nbd7 9. O-O e5 10. e4 exd4 11. cxd4 Bxg3 12. hxg3 dxe4 13. Bxe4 Nxe4 14. Nxe4 b6 15. d5 Bb7 16. Qd2 Ne5 17. Rad1 Nxf3+ 18. gxf3 Rad8 19. Nc3 a6 20. a4 Rfe8 21. Rfe1 Qd6 22. Re4 f5 23. Ree1 g6 24. Qg5 Qd7 25. Re6 Qf7 26. Rde1 Rxe6 27. Qxd8+ Kg7 28. dxe6 Qf6 29. Qxf6+ Kxf6 30. e7 Bc6 31. e8=Q Bxe8 32. Rxe8 h5 33. f4 g5 34. Nd5+ Kf7 35. Re7+ Kg6 36. Re6+ Kg7 37. fxg5 h4 38. gxh4 b5 39. h5 bxa4 40. Re7+ Kf8 41. g6 c4 42. Rc7 c3 43. Nf6 a3 44. g7# 1-0


[Site "https://www.chess.com"]

[Event "Titled Tuesday Blitz May 16 Early 2023"]
[White "Quirke, Jeffrey"]
[Black "Van Dael, Siem"]
[WhiteFideId "2013029"]
[BlackFideId "1049771"]
[WhiteElo "2239"]
[BlackElo "2336"]
[Result "0-1"]
[Round "07"]
[TimeControl "180+2"]
[Date "2023.05.16"]
[WhiteClock "0:00:02"]
[BlackClock "0:00:18"]

1. e4 c5 2. Nc3 g6 3. f4 Bg7 4. Nf3 d6 5. Bb5+ Nc6 6. d3 Bd7 7. a4 Nf6 8. O-O O-O 9. Bxc6 Bxc6 10. Qe1 a6 11. a5 b5 12. axb6 Qxb6 13. Kh1 a5 14. f5 a4 15. Qh4 Kh8 16. fxg6 fxg6 17. Ng5 Nh5 18. Bd2 Qxb2 19. Nd5 Bxd5 20. exd5 Qxa1 21. Rxa1 Bxa1 22. g4 Nf6 23. Ne6 a3 24. Nxf8 Rxf8 25. g5 a2 26. Qa4 Nxd5 27. Qxa2 Bd4 28. Qxd5 Rf1+ 29. Kg2 Rf2+ 30. Kg3 Rxd2 31. Qf7 Rf2 32. Qxe7 Rf5 33. Qxd6 Be5+ 0-1


[Site "https://www.chess.com"]

[Event "Titled Tuesday Blitz May 16 Early 2023"]
[White "hsd2016"]
[Black "Kalajzic, Ivan"]
[BlackFideId "14506378"]
[WhiteElo "2208"]
[BlackElo "2203"]
[Result "0-1"]
[Round "07"]
[TimeControl "180+2"]
[Date "2023.05.16"]
[WhiteClock "0:00:01"]
[BlackClock "0:00:44"]

1. e4 Nc6 2. d4 e5 3. d5 Nce7 4. c4 Nf6 5. Nc3 Ng6 6. h3 Bc5 7. Nge2 O-O 8. g4 d6 9. Bd2 Bxg4 10. hxg4 Nxg4 11. Be3 Nxe3 12. fxe3 Bxe3 13. Qd3 Qg5 14. Nd1 Bc5 15. a3 f5 16. exf5 Rxf5 17. Bh3 Rf6 18. Be6+ Kh8 19. Ndc3 Qg2 20. O-O-O Raf8 21. Rh3 Rf1 22. Rg3 Rxd1+ 23. Nxd1 Qh1 24. Rh3 Qg2 25. b4 Bb6 26. Rg3 Qf1 27. Rh3 Qf6 28. Rxh7+ Kxh7 29. Qh3+ Nh4 30. Ng3 Qf4+ 31. Kb1 Bd4 32. Nf5 Rxf5 33. Bxf5+ g6 0-1


[Site "https://www.chess.com"]